 Dungeon Crawl Stone Soup version 0.29.0-11-gd7f09526c8 (webtiles) character file.

Game seed: 8383684748556552072

34842 mdonais the Covert (level 13, -6/93 HPs)
             Began as an Octopode Wanderer on Sept 3, 2022.
             Was a High Priest of Dithmenos.
             Mangled by a minotaur
             ... wielding a +0 rapier
              (39 damage)
             ... in a Gauntlet.
             The game lasted 01:44:48 (27169 turns).

mdonais the Covert (Octopode Wanderer)             Turns: 27169, Time: 01:44:48

Health: -6/93      AC:  1    Str: 20    XL:     13   Next: 80%
Magic:  17/19      EV: 19    Int: 14    God:    Dithmenos [*****.]
Gold:   1548       SH:  0    Dex: 20    Spells: 11/20 levels left

rFire   . . .      SeeInvis .   u - +6 dagger (flame)
rCold   . . .      Faith    .   (no shield)
rNeg    . . .      Spirit   .   (helmet restricted)
rPois   +          Reflect  .   d - amulet "Bellor" {Acrobat rPois Will+ rCorr Slay+3}
rElec   .          Harm     .   M - +6 ring of dexterity
rCorr   +          Rampage  .   O - +6 ring of strength
Will    +....      NoTele   +   (no ring)
Stlth   ++++++++++              (no ring)
HPRegen 0.25/turn               (no ring)
MPRegen 0.16/turn               (no ring)
                                (no ring)
                                (no ring)

@: wreathed by umbra
A: almost no armour, amphibious, 8 rings, camouflage 1, gelatinous body 1,
(nimble swimmer 1), tentacles
a: Renounce Religion, Shadow Step, Shadow Form


You were in a Gauntlet.
You worshipped Dithmenos.
Dithmenos was extremely pleased with you.
You visited 2 branches of the dungeon, and saw 14 of its levels.
You also visited: Sewer, Ossuary, Bailey, Gauntlet and Volcano.

You collected 1548 gold pieces.

Inventory:

Hand Weapons
 u - a +6 dagger of flaming (weapon)
   (You took it off Josephine on level 3 of the Lair of Beasts)
 K - a +0 rapier
   (You found it on level 7 of the Dungeon)
 S - a +2 longbow of flaming
   (You took it off Nessos on level 3 of the Lair of Beasts)
Missiles
 t - 25 boomerangs
 C - 64 poisoned darts
 F - 5 curare-tipped darts (quivered)
Magical Staves
 G - a staff of cold
   (You took it off Fannar on level 3 of the Lair of Beasts)
Jewellery
 d - the amulet "Bellor" (around mantle) {Acrobat rPois Will+ rCorr Slay+3}
   (You acquired it on level 10 of the Dungeon)

   [amulet of the acrobat]

   It increases your evasion while moving and waiting.
   Slay:      It affects your accuracy & damage with ranged weapons and melee
   (+3).
   rPois:     It protects you from poison.
   rCorr:     It protects you from acid and corrosion.
   Will:      It increases your willpower.
 M - a +6 ring of dexterity (left tentacle)
   (You found it on level 8 of the Dungeon)
 O - a +6 ring of strength (right tentacle)
   (You found it on level 3 of the Lair of Beasts)
Wands
 p - a wand of mindburst (9)
   (You took it off a wight on level 7 of the Dungeon)
 D - a wand of digging (2)
   (You found it on level 5 of the Dungeon)
 I - a wand of iceblast (7)
   (You found it on level 4 of the Dungeon)
 P - a wand of paralysis (7)
   (You found it on level 9 of the Dungeon)
 V - a wand of flame (4)
   (You took it off Natasha on level 2 of the Dungeon)
Scrolls
 f - 2 scrolls of vulnerability
 j - 3 scrolls of immolation
 o - 3 scrolls of enchant armour
 q - 6 scrolls of butterflies
 s - 3 scrolls of enchant weapon
 x - 3 scrolls of poison
 y - 7 scrolls of silence
 B - 8 scrolls of blinking
 J - 3 scrolls of fear
 N - a scroll of summoning
 R - a scroll of identify
 T - 8 scrolls of teleportation
Potions
 e - 6 potions of lignification
 g - 2 potions of ambrosia
 i - 2 potions of attraction
 k - 2 potions of magic
 l - 8 potions of flight
 m - 5 potions of heal wounds
 n - a potion of invisibility
 v - a potion of might
 w - a potion of resistance
 z - 5 potions of brilliance
 A - 6 potions of cancellation
 E - 3 potions of mutation
 H - 2 potions of haste
 L - 2 potions of berserk rage
 Q - 4 potions of curing
Miscellaneous
 a - a condenser vane
   (You found it in a Gauntlet)


   Skills:
 + Level 10.4 Fighting
 + Level 10.9(11.0) Short Blades
 - Level 2.0(7.2) Long Blades
 - Level 3.0 Maces & Flails
 - Level 2.0 Throwing
 + Level 9.3 Dodging
 - Level 12.0 Stealth
 - Level 4.0 Spellcasting
 - Level 4.0 Hexes
 - Level 4.0 Air Magic
 - Level 7.0 Poison Magic
 - Level 8.0 Invocations
 - Level 6.0 Evocations


You had 11 spell levels left.
You knew the following spells:

 Your Spells              Type           Power      Damage    Failure   Level
a - Poisonous Vapours     Pois/Air       36%        N/A       3%          2
b - Olgreb's Toxic Radia  Pois           22%        N/A       11%         4
c - Confusing Touch       Hex            14%        N/A       11%         3

Your spell library contained the following spells:

 Spells                   Type           Power      Damage    Failure   Level
 Sting                    Tmut/Pois      48%        1d5       4%          1
 Corpse Rot               Necr/Pois/Air  13%        N/A       41%         4
 Hailstorm                Conj/Ice       2%         3d3       88%         4
 Ice Form                 Ice/Tmut       2%         N/A       88%         4
 Yara's Violent Unravell  Hex/Tmut       4%         3d4       93%         5
 Summon Forest            Summ/Tloc      1%         N/A       99%         5
 Eringya's Noxious Bog    Tmut/Pois      6%         N/A       100%        6
 Simulacrum               Ice/Necr       1%         N/A       100%        6
 Enfeeble                 Hex            7%         N/A       100%        7
 Summon Hydra             Summ           1%         N/A       100%        7


Dungeon Overview and Level Annotations

Branches:
Dungeon (10/15) Zot: 25963  Temple (0/1) D:5            Lair (4/5) D:9 Zot: 19264
 Shoals (0/4) Lair:3        Snake (0/4) Lair:2          Orc (0/2) D:9
  Sewer (visited)         Ossuary (visited)          Bailey (visited)
Volcano (visited)         Gauntlet (1/1) Zot: 5733
  Slime: Lair:4-5

Altars:
Ashenzari
Cheibriados
Dithmenos
Gozag
Kikubaaqudgha
Makhleb
Sif Muna
Uskayaw
Xom

Shops:
D:3 *   D:9 [

Annotations:
D:9 4 runed translucent doors Gauntlet 6 transporters


Innate Abilities, Weirdness & Mutations

You cannot wear most types of armour.
You are amphibious.
You can wear up to eight rings at the same time.
Your skin changes colour to match your surroundings (Stealth+).
Your rubbery body absorbs attacks. (AC +1, EV +1)
((You are camouflaged when in or above water. (Stealth+)))
You have tentacles for arms and can constrict up to eight enemies at once.


Message History

The crimson imp completely misses you.
The crimson imp shouts!
The crimson imp blinks!
The crimson imp blinks!
There is a transporter here.
You miss the crimson imp. You grab the crimson imp.
You squeeze the crimson imp!
The crimson imp is almost dead.
Your shadow hits the crimson imp with a dagger.
You constrict the crimson imp.
You kill the crimson imp!
Dithmenos accepts your kill.
You barely miss the crimson imp. You grab the crimson imp.
You squeeze the crimson imp!
The crimson imp is almost dead.
You constrict the crimson imp. The crimson imp barely misses you.
You completely miss the crimson imp.
The crimson imp is almost dead.
You constrict the crimson imp.
You kill the crimson imp!
Dithmenos accepts your kill.
Press: ? - help, v - describe, . - travel
Here: a smoke demon (umbra, fire blocked by a translucent stone wall)
The floor.
You hit the crimson imp. You grab the crimson imp.
You squeeze the crimson imp, but do no damage.
The crimson imp is moderately wounded.
You constrict the crimson imp. The crimson imp misses you.
You barely miss the crimson imp. You squeeze the crimson imp!
You kill the crimson imp!
Dithmenos accepts your kill.
You hit the crimson imp. Your grab misses the crimson imp.
Your squeeze misses the crimson imp.
The crimson imp is moderately wounded.
The crimson imp barely misses you.
You enter the transporter and appear at another place.
The crimson imp shouts, "Surrender, thou foppish flat-headed tiddler!"
The crimson imp completely misses you.
You hit the crimson imp. Your grab misses the crimson imp.
You squeeze the crimson imp!
You kill the crimson imp!
Dithmenos accepts your kill.
No reachable target in view!
There is a transporter here.
Okay, then.
Unknown command.
Unknown command.
You enter the transporter and appear at another place.
Aiming: Throw Flame
Press: ? - help, Shift-Dir - straight line, f - centaur warrior simulacrum
Aim: a centaur warrior simulacrum (umbra, 98% to hit)
The puff of flame hits the centaur warrior simulacrum!!
The centaur warrior simulacrum melts!
The centaur warrior simulacrum is heavily damaged.
The centaur warrior simulacrum misses you.
The centaur warrior simulacrum kicks you but does no damage.
You puncture the centaur warrior simulacrum!
You melt the centaur warrior simulacrum.
The centaur warrior simulacrum vaporises!
Dithmenos accepts your kill.
The sun demon shouts!
You see here a +0 cloak of preservation.
o - 3 scrolls of enchant armour (gained 1)
There is a transporter here.
You enter the transporter and appear at another place.
You open the door.
A minotaur comes into view. It is wielding a +0 rapier.
Found a curved smoking staff.
Found a gate leading back out of this place.
Aiming: Paralyse
Press: ? - help, Shift-Dir - straight line, f - minotaur
Aim: a minotaur, wielding a +0 rapier, wearing a +0 plate armour, wearing an amulet of regeneration and quivering javelins (wandering, hasn't noticed you, umbra, chance to affect: 6%)
Okay, then.
Unknown command.
Unknown command.
Press: ? - help, v - describe, . - travel, g - get item
Here: a minotaur, wielding a +0 rapier, wearing a +0 plate armour, wearing an amulet of regeneration and quivering javelins (wandering, hasn't noticed you, umbra)
Items here: ! $ (( ) // :: [ |.
A gate leading back out of this place.
Unknown command.
Throw: 7 darts (curare)
Press: ? - help, Q - select action, (/) - cycle Shift-Dir - straight line, f - minotaur
Aim: a minotaur, wielding a +0 rapier, wearing a +0 plate armour, wearing an amulet of regeneration and quivering javelins (wandering, hasn't noticed you, umbra, 81% to hit)
You throw a curare-tipped dart.
The curare-tipped dart hits the minotaur.
The minotaur is poisoned.
The minotaur convulses.
The minotaur seems to slow down.
The minotaur is lightly wounded.
Okay, then.
Casting: Confusing Touch (dangerous; 11% risk of failure)
Confirm with . or Enter, or press ? or * to list all spells.
Your tentacles begin to glow red.
You now have 16/19 mp.
You hit the minotaur but do no damage. You grab the minotaur.
The minotaur is lightly wounded.
You constrict the minotaur, but do no damage.
You completely miss the minotaur. You squeeze the minotaur.
The minotaur is lightly wounded.
Your shadow hits the minotaur with a dagger.
You constrict the minotaur. You hit the minotaur but do no damage.
You squeeze the minotaur.
The minotaur is moderately wounded.
You constrict the minotaur. The minotaur hits you with a +0 rapier!
The minotaur gores you!
You take 25 damage, and have 68/93 hp.
MASSIVE DAMAGE!!
You hit the minotaur but do no damage. You squeeze the minotaur.
The minotaur is moderately wounded.
You constrict the minotaur, but do no damage.
You hit the minotaur but do no damage. You squeeze the minotaur.
The minotaur is heavily wounded.
Your shadow hits the minotaur but does no damage.
You constrict the minotaur, but do no damage.
You hit the minotaur but do no damage.
You tentacle-slap the minotaur, but do no damage.
The minotaur is heavily wounded.
Your shadow hits the minotaur but does no damage.
You constrict the minotaur, but do no damage.
The minotaur hits you with a +0 rapier! The minotaur closely misses you.
You take 13 damage, and have 55/93 hp.
You hit the minotaur but do no damage.
The minotaur is heavily wounded.
You constrict the minotaur. You hit the minotaur but do no damage.
The minotaur is heavily wounded.
You constrict the minotaur. You hit the minotaur but do no damage.
You squeeze the minotaur, but do no damage.
The minotaur is heavily wounded.
You constrict the minotaur, but do no damage.
You hit the minotaur but do no damage.
You squeeze the minotaur, but do no damage.
The minotaur is heavily wounded.
Your tentacles stop glowing.
You constrict the minotaur. The minotaur hits you with a +0 rapier.
The minotaur gores you!!
You take 23 damage, and have 32/93 hp.
MASSIVE DAMAGE!!
Throw: 6 darts (curare)
Press: ? - help, Q - select action, (/) - cycle Shift-Dir - straight line, f/p - minotaur
Aim: a minotaur, wielding a +0 rapier, wearing a +0 plate armour, wearing an amulet of regeneration and quivering javelins (severely wounded, constricted by you, poisoned, slow, umbra, 94% to hit)
You throw a curare-tipped dart.
The curare-tipped dart hits the minotaur.
The minotaur looks even sicker.
The minotaur convulses.
The minotaur seems to be slow for longer.
The minotaur is severely wounded.
You constrict the minotaur. You hit the minotaur but do no damage.
You squeeze the minotaur!
The minotaur is almost dead.
You constrict the minotaur.
The minotaur hits you with a +0 rapier!!!
You die...

#####..##≈..###.
#....##..###..#©##
#.##.##..##≈..#.[#
#.##.....###..#.[. #
#.##.##....#..#... #≈
#.#....##...©#..####
#≈≈.#.#.##.##....#.∩....
#≈∩...H.##.......#......
#@##.##...©#..####
#....##....#..#3..
#.##.##..###..#..#
#.##.....##≈..#!#.
#.##.##..###..#.#.
#....##..##≈..#©.#
#######..###..#/#.
#§..#[#. ##..#..#


You could see a minotaur (very poisoned, slow).

Vanquished Creatures
  Nessos (Lair:3)
  Josephine (Lair:3)
  Snorg (Lair:3)
  A fire dragon (Volcano)
  Fannar (Lair:3)
  2 hydras
  A centaur warrior (D:9)
  3 two-headed ogres (D:9)
  Sonja (Lair:2)
  5 lindwurms
  An orc knight (Bailey)
  Pikel (D:4)
  An elephant (Lair:2)
  A black mamba (Lair:4)
  10 cane toads
  2 rime drakes
  3 komodo dragons
  3 trolls
  2 hornets
  4 blink frogs (Lair:2)
  A centaur simulacrum (Gauntlet)
  A shadow (D:9)
  Sigmund (D:5)
  4 wraiths (Lair:3)
  5 wyverns
  26 yaks
  7 steam dragons
  2 vampire mosquitoes (D:7)
  2 basilisks
  2 swamp worms (Gauntlet)
  An acid dragon (D:9)
  5 nagas (Lair:2)
  12 water moccasins
  A hell hound (Volcano)
  An ice beast (D:5)
  12 orc warriors
  A sky beast (D:7)
  3 black bears
  A wolf (D:9)
  An ogre (D:4)
  5 centaurs
  3 lemures (D:4)
  8 kobold brigands
  10 bullfrogs
  2 gnoll sergeants (D:9)
  A necrophage (D:7)
  5 scorpions
  18 wights
  12 killer bees
  6 howler monkeys
  8 electric eels
  4 crimson imps (Gauntlet)
  A jelly (D:6)
  9 hounds
  4 orc priests
  Natasha (thrice) (D:2)
  3 iguanas
  13 orc wizards
  12 mummies (Ossuary)
  6 gnolls
  13 adders
  A river rat (D:6)
  A shadow imp (D:7)
  2 white imps (D:7)
  2 ufetubi (D:4)
  2 worms
  3 dart slugs
  31 orcs
  4 ball pythons
  A bat zombie (D:4)
  7 endoplasms
  4 giant cockroaches
  14 goblins
  6 hobgoblins
  7 jackals
  5 quokkas
  8 bats
  3 frilled lizards
  4 gnoll skeletons (Ossuary)
  2 goblin skeletons (Ossuary)
  37 kobolds
  A kobold skeleton (Ossuary)
  2 kobold zombies (D:6)
  An orc skeleton (Ossuary)
  7 rats
  11 rat skeletons (Ossuary)
  A rat zombie (D:4)
447 creatures vanquished.

Vanquished Creatures (collateral kills)
  A hydra (Lair:2)
  2 elephants (Lair:2)
3 creatures vanquished.

Vanquished Creatures (others)
  7 fungi
  83 plants
90 creatures vanquished.

Grand Total: 540 creatures vanquished

Notes
Turn   | Place    | Note
-------+----------+-------------------------------------------
     0 | D:1      | mdonais the Octopode Wanderer began the quest for the Orb.
     0 | D:1      | mdonais set off with the following items: a +2 mace, a +0
                  | falchion, 11 poisoned darts, a +0 dagger, a potion of
                  | lignification.
     0 | D:1      | Reached XP level 1. HP: 13/13 MP: 1/1
    70 | D:1      | Reached skill level 2 in Stealth
   249 | D:1      | Reached XP level 2. HP: 18/18 MP: 2/2
   275 | D:1      | Reached skill level 3 in Stealth
   618 | D:1      | Found a faded altar of an unknown god.
   640 | D:1      | Reached XP level 3. HP: 20/23 MP: 2/4
   767 | D:1      | Learned a level 2 spell: Poisonous Vapours
  1272 | D:1      | Reached skill level 1 in Spellcasting
  1464 | D:1      | Prayed at the altar of an unknown god.
  1464 | D:1      | Became a worshipper of Dithmenos the Shadowed
  1464 | D:1      | Reached * piety under Dithmenos
  1646 | D:2      | Noticed Natasha
  1654 | D:2      | Killed Natasha
  1655 | D:2      | Reached skill level 1 in Air Magic
  1655 | D:2      | Reached skill level 1 in Poison Magic
  1655 | D:2      | Reached XP level 4. HP: 20/29 MP: 4/6
  2175 | D:2      | Noticed Natasha
  2180 | D:2      | Killed Natasha
  2307 | D:2      | Reached XP level 5. HP: 34/34 MP: 0/7
  2550 | D:2      | Noticed Natasha
  2557 | D:2      | Killed Natasha
  3192 | D:3      | Noticed a water moccasin
  3198 | D:3      | Found a shimmering altar of Xom.
  3539 | D:3      | Reached XP level 6. HP: 39/39 MP: 0/9
  3683 | D:3      | Reached ** piety under Dithmenos
  4038 | D:3      | Found Gozag's Platinum Reserve.
  4039 | D:3      | Found an opulent altar of Gozag.
  5327 | D:4      | Noticed a black bear
  5357 | D:4      | Found a burning altar of Makhleb.
  5456 | D:4      | Killed a black bear
  5457 | D:4      | Reached XP level 7. HP: 45/45 MP: 0/10
  5781 | D:4      | Reached skill level 1 in Short Blades
  5824 | D:4      | Reached skill level 1 in Dodging
  5913 | D:4      | Noticed Pikel
  6258 | D:4      | Found an ancient bone altar of Kikubaaqudgha.
  6537 | D:4      | Killed Pikel
  6538 | D:4      | Reached skill level 4 in Stealth
  6538 | D:4      | Reached XP level 8. HP: 52/52 MP: 0/12
  6970 | D:4      | Found an ancient bone altar of Kikubaaqudgha.
  7135 | D:5      | Entered Level 5 of the Dungeon
  7162 | D:5      | Found a staircase to the Ecumenical Temple.
  7642 | D:5      | Reached skill level 5 in Poison Magic
  7868 | D:5      | Noticed Sigmund
  8279 | D:5      | Reached skill level 5 in Stealth
  8594 | D:6      | Reached skill level 1 in Invocations
  8690 | D:6      | Reached XP level 9. HP: 56/59 MP: 10/13
  8874 | D:6      | Found a sand-covered staircase.
  8887 | Ossuary  | Entered an ossuary
  9060 | Ossuary  | Reached skill level 6 in Stealth
  9081 | Ossuary  | Reached *** piety under Dithmenos
  9340 | D:6      | Found a glowing drain.
  9344 | Sewer    | Entered a sewer
  9864 | Sewer    | Reached skill level 5 in Fighting
 10168 | Sewer    | Reached skill level 5 in Short Blades
 10483 | D:6      | Noticed a +0 hand axe
 10483 | D:6      | Noticed a +0 hand axe
 10485 | D:6      | Found a hide-covered altar of Uskayaw.
 11624 | D:7      | Reached skill level 7 in Stealth
 11650 | D:7      | Reached **** piety under Dithmenos
 11678 | D:7      | Found a shadowy altar of Dithmenos.
 11898 | D:7      | Reached XP level 10. HP: 65/68 MP: 14/14
 12409 | D:7      | Found a broken altar of Ashenzari.
 12448 | D:7      | Reached skill level 5 in Evocations
 12775 | D:7      | Reached skill level 5 in Invocations
 13252 | D:7      | Learned a level 4 spell: Olgreb's Toxic Radiance
 14257 | D:8      | Found a snail-covered altar of Cheibriados.
 15174 | D:9      | Reached skill level 8 in Stealth
 15397 | D:9      | Noticed a two-headed ogre
 15399 | D:9      | Killed a two-headed ogre
 15400 | D:9      | Reached skill level 5 in Dodging
 15400 | D:9      | Reached XP level 11. HP: 68/74 MP: 12/17
 15433 | D:9      | Found a large runed translucent door.
 15433 | D:9      | Found a large runed translucent door.
 15438 | D:9      | Noticed a cyclops
 15454 | D:9      | Found a large runed translucent door.
 15454 | D:9      | Found a large runed translucent door.
 15580 | D:9      | Noticed a five-headed hydra
 15783 | D:9      | Killed a five-headed hydra
 15784 | D:9      | Reached skill level 9 in Stealth
 16022 | D:8      | Learned a level 3 spell: Confusing Touch
 16634 | D:9      | Reached skill level 1 in Hexes
 16856 | D:9      | Found a staircase to the Lair.
 17235 | D:9      | Found a staircase to the Orcish Mines.
 17240 | D:9      | Found Zuqoeph's Armour Shoppe.
 17456 | D:9      | Noticed a two-headed ogre
 17460 | D:9      | Killed a two-headed ogre
 17461 | D:9      | Reached skill level 10 in Stealth
 17475 | D:9      | Noticed a centaur warrior
 17480 | D:9      | Killed a centaur warrior
 17510 | D:9      | Noticed a two-headed ogre
 17542 | D:9      | Killed a two-headed ogre
 17785 | D:5      | Killed Sigmund
 18192 | D:3      | Found a shimmering altar of Xom.
 18250 | D:3      | Found Gozag's Platinum Reserve.
 18251 | D:3      | Found an opulent altar of Gozag.
 18385 | D:10     | Entered Level 10 of the Dungeon
 18410 | D:10     | Found a shimmering blue altar of Sif Muna.
 18634 | D:10     | Found a flagged portal.
 18646 | Bailey   | Entered a bailey
 19415 | Bailey   | Noticed an orc knight
 19450 | Bailey   | Killed an orc knight
 19451 | Bailey   | Reached XP level 12. HP: 81/81 MP: 1/18
 19916 | D:10     | Identified a scroll of acquirement
 19917 | D:10     | Acquired the amulet "Bellor" {Acrobat rPois Will+ rCorr
                  | Slay+3}
 20403 | D:10     | Identified the +3 war axe of Ascent {vorpal, MP+9 Dex+2}
 20685 | Lair:1   | Entered Level 1 of the Lair of Beasts
 20771 | Lair:1   | Found a dark tunnel.
 20898 | Volcano  | Entered a volcano
 22110 | Volcano  | Noticed a fire dragon
 22110 | Volcano  | Found the +2 cloak of the Thief {*Fog Slay-2 SInv Stlth+}
 22117 | Volcano  | Killed a fire dragon
 23113 | Lair:2   | Noticed a seven-headed hydra
 23673 | Lair:2   | Noticed a five-headed hydra
 23702 | Lair:2   | Reached skill level 11 in Stealth
 23703 | Lair:2   | Reached XP level 13. HP: 78/89 MP: 8/19
 24147 | Lair:2   | Found a staircase to the Snake Pit.
 24484 | Lair:2   | Reached skill level 12 in Stealth
 24489 | Lair:2   | Reached ***** piety under Dithmenos
 24568 | Lair:2   | Reached skill level 10 in Short Blades
 24902 | Lair:2   | Noticed Sonja
 24910 | Lair:2   | Killed Sonja
 25638 | Lair:3   | Found a staircase to the Shoals.
 25905 | Lair:3   | Noticed Nessos
 25974 | Lair:3   | Noticed Fannar
 25993 | Lair:3   | Noticed Josephine
 26001 | Lair:3   | Killed Josephine
 26009 | Lair:3   | Reached skill level 10 in Fighting
 26075 | Lair:3   | Killed Fannar
 26587 | Lair:3   | Noticed Snorg
 26594 | Lair:3   | Killed Snorg
 26752 | Lair:3   | Killed Nessos
 26873 | Lair:4   | Found a gate leading to a gauntlet.
 26889 | Gauntlet | Entered a Gauntlet
 26889 | Gauntlet | Found a transporter.
 26889 | Gauntlet | Found a transporter.
 26889 | Gauntlet | Found a transporter.
 26902 | Gauntlet | Found a transporter.
 26904 | Gauntlet | Found a transporter.
 26913 | Gauntlet | Found a transporter.
 26913 | Gauntlet | Found a transporter.
 26929 | Gauntlet | Found a transporter.
 26939 | Gauntlet | Found a transporter.
 26944 | Gauntlet | Found a transporter.
 26947 | Gauntlet | Found a transporter.
 26957 | Gauntlet | Found a transporter.
 27150 | Gauntlet | Noticed a minotaur
 27169 | Gauntlet | Mangled by a minotaur

Illustrated notes

Levels and vault maps discovered:
D:1:      kennysheep_arrival_forest, layout_loops_corners,
          hellmonk_ecumenical_altar_arch_garden, chequers_serial_rivers_micro_b
D:2:      layout_basic, st_stairs_14, chequers_avenue, uniq_natasha
D:3:      layout_loops_ring, nicolae_gozag_zags_fifth_avenue,
          general_overflow_altar
D:4:      nicolae_cairo_tiling_large, layout_cave_pools, lightli_temple_of_fire,
          lemuel_zombie_altar_kikubaaqudgha, uniq_pikel
D:5:      layout_basic, minmay_temple_entry_mist, nicolae_figureground_pulse,
          uniq_sigmund
D:6:      layout_loops_ring, dancing_weapons_uskayaw, enter_ossuary_3,
          gup_sewer_entry_bowl, serial_bayou, serial_bayou_pond_a,
          serial_bayou_lake_a, serial_bayou_lagoon_a, serial_bayou_shore_a,
          serial_bayou_ford_a
D:7:      layout_loops_cross, mainiacjoe_overflow_big_doors
D:8:      layout_gridville, kennysheep_slug_shrine
D:9:      layout_irregular_city, erik_lair_island, orc_david_3,
          minmay_hollow_rounded_squares
D:10:     layout_irregular_city, old_standard_altar, enter_bailey_2
Lair:1:   layout_gridlike, enter_volcano_1
Lair:2:   layout_cave_pods, minmay_snake_entry_guardpost_large, special_room,
          chequers_serial_rivers_marsh, chequers_serial_rivers_marsh, uniq_sonja
Lair:3:   layout_loops_ring, shoals_dummy_entry, uniq_snorg, uniq_nessos,
          uniq_fannar, uniq_josephine
Lair:4:   gammafunk_mikee_crab_dinner, layout_gridlike, gauntlet_entry_generic
Gauntlet: minmay_gauntlet_mixed_big_or_small [gammafunk_gauntlet_arena_corners,
          minmay_gauntlet_arena_77_block_sizes,
          gammafunk_gauntlet_arena_spirals,
          minmay_gauntlet_arena_77_chump_sandwich,
          nicolae_gauntlet_arena_quarters, minmay_gauntlet_arena_77_two_lines,
          gauntlet_exit_watery]

Skill      XL: |  1  2  3  4  5  6  7  8  9 10 11 12 13 |
---------------+----------------------------------------+-----
Stealth        | 2 3 4 5 7 8 10 11 12 | 12.0
Spellcasting   | 1 2 3 4 |  4.0
Fighting       | 2 3 4 6 7 8 10 | 10.4
Air Magic      | 1 3 4 |  4.0
Poison Magic   | 1 2 3 4 5 7 |  7.0
Evocations     | 2 3 4 5 6 |  6.0
Short Blades   | 1 4 5 9 10 | 10.9
Dodging        | 1 2 3 5 6 7 9 |  9.3
Invocations    | 1 3 6 8 |  8.0
Hexes          | 3 4 |  4.0
Long Blades    | |  2.0
Maces & Flails | |  3.0
Throwing       | |  2.0

Action                   |  1- 3 |  4- 6 |  7- 9 | 10-12 | 13-15 || total
-------------------------+-------+-------+-------+-------+-------++-------
Melee: Mace              |    58 |    47 |       |       |       ||   105
       Constrict         |    10 |    16 |    52 |    53 |    16 ||   147
       Tentacles         |     4 |    11 |    51 |   109 |    69 ||   244
       Punch             |     1 |     1 |     2 |     8 |     9 ||    21
       Short sword       |       |    23 |    28 |   216 |   146 ||   413
       Dagger            |       |       |   172 |    59 |    61 ||   292
       Scimitar          |       |       |       |    56 |       ||    56
 Fire: Shortbow          |       |       |       |    38 |       ||    38
Throw: Dart              |    13 |    21 |     2 |     8 |     2 ||    46
       Boomerang         |       |       |    12 |    19 |     2 ||    33
 Cast: Poisonous Vapours |       |    83 |   151 |   226 |    18 ||   478
       Olgreb's Toxic Ra |       |       |       |    28 |    11 ||    39
       Confusing Touch   |       |       |       |    13 |    23 ||    36
Invok: Shadow Step       |       |       |     2 |     5 |     1 ||     8
Evoke: Wand              |       |       |     4 |    19 |     8 ||    31
  Use: Scroll            |       |    10 |     6 |    15 |       ||    31
       Potion            |       |       |     1 |       |     1 ||     2
 Stab: Sleeping          |    11 |     2 |    29 |    35 |    13 ||    90
       Confused          |       |       |       |     6 |    16 ||    22
       Distracted        |       |       |       |     1 |       ||     1
Armor: Skin              |     2 |    11 |    13 |     8 |     2 ||    36
Dodge: Dodged            |    40 |    43 |   104 |   198 |    63 ||   448
Block: Other             |       |       |    17 |    36 |       ||    53
       Reflection        |       |       |     2 |     1 |       ||     3
